 Dungeon Crawl Stone Soup version 0.31-a0-202-g547052bce9 (webtiles) character file.

Game seed: 11270159658303509687

218 qw the Skirmisher (level 5, -2/30 HPs)
             Began as a Deep Elf Hunter on June 26, 2023.
             Slain by an orc
             ... wielding a +0 mace
              (3 damage)
             ... on level 4 of the Dungeon.
             The game lasted 00:01:00 (2066 turns).

qw the Skirmisher (Deep Elf Hunter)                 Turns: 2066, Time: 00:01:01

Health: -2/30      AC:  5    Str: 10    XL:     5   Next: 63%
Magic:  7/7        EV:  8    Int: 14    God:
Gold:   150        SH:  0    Dex: 18    Spells: 4/4 levels left

rFire   . . .        Y - +0 shortbow (heavy)
rCold   . . .        (shield currently unavailable)
rNeg    . . .        a - +0 ring mail
rPois   .            (no helmet)
rElec   .            (no cloak)
rCorr   .            (no gloves)
SInv    .            (no boots)
Will    .....        b - amulet of regeneration
Stlth   +            (no ring)
HPRegen 1.05/turn    (no ring)
MPRegen 0.10/turn

%: no passive effects
@: constricted
A: no striking features
a: no special abilities


You were on level 4 of the Dungeon.
You visited 1 branch of the dungeon, and saw 4 of its levels.

You collected 150 gold pieces.


   Skills:
 + Level 1.9 Fighting
 - Level 9.0 Ranged Weapons
 - Level 2.4 Dodging
 - Level 1.2 Stealth


You had 4 spell levels left.
You didn't know any spells.
Your spell library was empty.

Inventory:

Hand Weapons
 Y - a +0 heavy shortbow (weapon)
Armour
 a - a +0 ring mail (worn)
Jewellery
 b - an amulet of regeneration (around neck)
Scrolls
 c - a scroll of silence {unknown}
 d - a scroll of brand weapon
 e - a scroll of identify
Potions
 f - a potion of haste {unknown}
 h - a potion of invisibility {unknown}

Dungeon Overview and Level Annotations

Branches:
Dungeon (4/15)
 Temple: D:4-7

Altars:
Kikubaaqudgha
Makhleb
Qazlal

Shops:
D:3 :


Message History

The orc hits you with a +2 hand axe of freezing.
The orc freezes you.
The ball python bites you but does no damage.
The ball python closely misses you.
The giant cockroach bites you but does no damage.
You shoot an arrow.
The arrow barely misses the giant cockroach.
The orc hits you with a +0 mace.
The orc hits you with a +2 hand axe of freezing.
The orc freezes you.
The ball python bites you but does no damage.
The ball python closely misses you.
The giant cockroach bites you but does no damage.
The orc closely misses you. The orc barely misses you.
The orc hits you but does no damage.
You shoot an arrow. The arrow hits the orc!
You kill the orc!
The ball python bites you but does no damage.
The ball python barely misses you. The giant cockroach barely misses you.
A quokka comes into view.
The orc hits you with a +0 mace.
The orc hits you with a +2 hand axe of freezing.
The orc freezes you. The ball python closely misses you.
The ball python barely misses you.
The giant cockroach bites you but does no damage.
The orc hits you but does no damage. The orc closely misses you.
You shoot an arrow. The arrow hits the giant cockroach!!
You kill the giant cockroach!
The ball python bites you but does no damage.
The ball python closely misses you. The ball python barely misses you.
The ball python grabs you. The ball python constricts you.
The orc closely misses you. The orc barely misses you.
The orc hits you with a +0 mace.
You shoot an arrow.
The arrow closely misses the ball python.
The ball python barely misses you. The ball python constricts you.
The orc completely misses you. The orc hits you with a +0 mace. x2
The ball python closely misses you. The ball python constricts you.
The orc hits you with a +0 mace.
You die...

............
#..........
.........## .
...)..... #. ..
...r... ####..##..
#....##
###........####oo%..#
.#............#o@S..#
..##..#..........####
......##........##
%....##..........#
................###
#.......)).)......#
#.###..).............
.###..#..........##...
.# #..#......#..## ..


You could see 3 orcs, a quokka and a ball python.

Vanquished Creatures
  3 iron imps (D:3)
  3 gnolls (D:4)
  An adder (D:2)
  A worm (D:2)
  A dart slug (D:1)
  6 orcs
  5 ball pythons
  7 endoplasms
  4 giant cockroaches
  8 goblins
  7 hobgoblins
  8 jackals
  A quokka (D:4)
  11 bats
  6 frilled lizards
  4 kobolds
  4 rats
80 creatures vanquished.

Notes
Turn   | Place    | Note
-------+----------+-------------------------------------------
     0 | D:1      | qw the Deep Elf Hunter began the quest for the Orb.
     0 | D:1      | Reached XP level 1. HP: 12/12 MP: 3/3
     0 | D:1      | 0 ||| qw: Version: 0.3-a-22-g0ed2b0b
     0 | D:1      | 0 ||| qw: Game counter: 5885
     0 | D:1      | 0 ||| qw: Melee chars always use a shield: true
     0 | D:1      | 0 ||| qw: God list: Okawaru
     0 | D:1      | 0 ||| qw: Allow faded altars: false
     0 | D:1      | 0 ||| qw: Do Orc after clearing Dungeon:15 true
     0 | D:1      | 0 ||| qw: Do second Lair branch before Depths: true
     0 | D:1      | 0 ||| qw: Lair rune preference: random
     0 | D:1      | 0 ||| qw: Goals: Normal
     0 | D:1      | 0 ||| PLANNING D:1-11
    87 | D:1      | Reached XP level 2. HP: 16/16 MP: 4/4
    93 | D:1      | Reached skill level 6 in Ranged Weapons
   224 | D:1      | Reached XP level 3. HP: 20/20 MP: 5/5
   450 | D:1      | 450 ||| READING scroll labelled ZALUUS GAM.
   451 | D:1      | 451 ||| READING 2 scrolls labelled ODWEGGYLYE.
   452 | D:1      | 452 ||| READING scroll labelled IDEIREQIDU.
   453 | D:1      | 453 ||| READING scroll labelled BEPLOH RIP VUM.
   456 | D:1      | 456 ||| DROPPING scroll of butterflies.
   457 | D:1      | 457 ||| DROPPING scroll of revelation.
   608 | D:2      | Reached skill level 7 in Ranged Weapons
   968 | D:2      | Reached XP level 4. HP: 25/25 MP: 6/6
  1208 | D:2      | 1208 ||| UPGRADING to +0 ring mail.
  1218 | D:2      | 1218 ||| DROPPING +0 leather armour.
  1219 | D:2      | 1219 ||| UPGRADING to amulet of regeneration.
  1224 | D:2      | 1224 ||| READING scroll labelled MAESHR MASS.
  1225 | D:2      | 1225 ||| READING scroll labelled VOSHIL NUTOER.
  1297 | D:3      | Found a stormy altar of Qazlal.
  1458 | D:3      | Found Bamir's Book Shop.
  1494 | D:3      | Found an ancient bone altar of Kikubaaqudgha.
  1589 | D:3      | 1589 ||| Stepping ~*~*~tactically~*~*~ (water).
  1899 | D:3      | Found a burning altar of Makhleb.
  1917 | D:3      | Reached skill level 8 in Ranged Weapons
  1931 | D:3      | Reached XP level 5. HP: 23/29 MP: 7/7
  1931 | D:3      | 1931 ||| FLEEEEING.
  1959 | D:3      | 1959 ||| DROPPING amulet of the acrobat.
  1960 | D:3      | 1960 ||| READING 2 scrolls labelled XACOTA XELUC.
  1961 | D:3      | 1961 ||| READING 2 scrolls of identify.
  1961 | D:3      | 1961 ||| IDENTIFYING murky puce potion
  1962 | D:3      | 1962 ||| DROPPING potion of magic.
  2026 | D:4      | Reached skill level 9 in Ranged Weapons
  2065 | D:4      | HP: 7/30 [orc/+0 mace (5)]
  2066 | D:4      | HP: 3/30 [orc/+0 mace (5)]
  2066 | D:4      | HP: 1/30 [orc/+0 mace (2)]
  2066 | D:4      | Slain by an orc

Levels and vault maps discovered:
D:1:      roderic_octagonal_star, layout_rooms
D:2:      minmay_chambers_of_twos, layout_basic
D:3:      layout_basic, mainiacjoe_overflow_tiny_flanked, demons_altar,
          nicolae_overflow_crystal_walls, serial_shops,
          nicolae_shop_rolling_square, chequers_serial_rivers_small_b,
          grunt_decor_resistance
D:4:      layout_cave_pools, nicolae_ru_path_of_blood,
          minmay_temple_entry_gardened_gates, serial_column_ruins,
          column_ruins_columns_dead_end, column_ruins_open_tiny,
          column_ruins_grid_4, column_ruins_open_small, minmay_misc_feat_doors

Skill      XL: |  1  2  3  4  5 |
---------------+----------------+-----
Ranged Weapons | 6 7 8 9 |  9.0
Fighting       | |  1.9
Dodging        | |  2.4
Stealth        | |  1.2

Action                     |  1- 3 |  4- 6 || total
---------------------------+-------+-------++-------
   Fire: Shortbow          |   127 |   130 ||   257
    Use: Scroll            |     4 |     4 ||     8
 Armour: Leather armour    |    17 |     6 ||    23
         Ring mail         |       |    21 ||    21
  Dodge: Dodged            |    24 |    75 ||    99

Table legend:
 A = Non-vault XP
 B = Vault XP
 C = Vault XP percentage of total XP
 D = Non-vault monster count
 E = Vault monster count
 F = Vault count percentage of total count
                 A         B        C        D         E       F
            +---------+---------+-------+---------+---------+-------
      Total |     168 |     144 |  46.2 |      69 |      11 |  13.8
            +---------+---------+-------+---------+---------+-------
        D:1 |      57 |       0 |   0.0 |      32 |       0 |   0.0
        D:2 |      20 |      26 |  56.5 |      11 |       8 |  42.1
        D:3 |      31 |     118 |  79.2 |      15 |       3 |  16.7
        D:4 |      60 |       0 |   0.0 |      11 |       0 |   0.0
            +---------+---------+-------+---------+---------+-------
